AoeStats
← SAKI

Black Forest

510063108Analyzed
2v2 RM · 2d ago on Sep 29, 2026· 47m 3s· 4 players
Game mode
Random Map
Map size
Medium (4 player)
Population
200
Speed
Normal
Resources
Standard
Victory
Conquest
Starting age
Dark Age
Ending age
Imperial Age
RankedLock teamsTeams togetherTeam positionsShared explorationLock speedFull tech treeHidden civsTurbo modeCheats
Victory
Defeat
🇨🇳 Slavs · China
1128
+14
🇫🇷 Koreans · France
1124
+14
🇺🇸 Britons · United States
1093
-14
🇮🇳 Varangians · India
1072
-14
Klarakitai
1:05 Loom
11:53 Feudal Age
13:55 Double-Bit Axe
15:20 Wheelbarrow
15:00 Fletching
15:52 Town Watch
22:52 Castle Age
22:01 Horse Collar
23:35 Bodkin Arrow
25:38 Murder Holes
25:56 Gold Mining
27:13 Bow Saw
31:14 Heavy Plow
32:19 Stone Mining
37:32 Hand Cart
39:29 Town Patrol
39:36 Stone Mining
43:17 Imperial Age
42:57 Masonry
42:29 Treadmill Crane
43:11 Ballistics
44:27 Conscription
43:33 Heavy Rocket Cart
44:14 Elite War Wagon
46:01 Bracer
47:03 Chemistry
46:44 Guilds
SAKI
1:22 Loom
11:45 Feudal Age
14:14 Horse Collar
14:27 Double-Bit Axe
17:04 Castle Age
15:43 Horse Collar
17:37 Gold Mining
18:43 Forging
21:35 Bloodlines
22:33 Squires
22:45 Man-at-Arms
23:35 Scale Mail Armor
24:46 Wheelbarrow
25:16 Heavy Plow
25:44 Bow Saw
26:40 Hand Cart
31:28 Imperial Age
28:32 Long Swordsman
29:51 Gold Shaft Mining
29:10 Stone Mining
33:11 Crop Rotation
33:43 Two-Man Saw
32:37 Town Watch
32:47 Two-Handed Swordsman
33:36 Scale Barding Armor
33:48 Chain Mail Armor
34:41 Conscription
34:23 Detinets
35:06 Plate Mail Armor
35:11 Iron Casting
35:41 Iron Casting
34:31 Capped Ram
36:13 Siege Ram
36:55 Champion
38:53 Blast Furnace
38:24 Siege Engineers
39:26 Fletching
40:15 Bodkin Arrow
42:00 Masonry
42:05 Town Patrol
44:29 Chemistry
45:34 Scale Barding Armor
46:33 Druzhina
ERRIPOOK69
11:22 Feudal Age
16:19 Castle Age
16:57 Crossbowman
31:25 Wheelbarrow
31:16 Fletching
37:26 Imperial Age
36:53 Double-Bit Axe
37:29 Bodkin Arrow
37:36 Padded Archer Armor
37:37 Horse Collar
38:39 Arbalester
41:26 Bracer
42:30 Ballistics
45:12 Leather Archer Armor
48:23 Chemistry
REDDY
2:49 Loom
10:14 Feudal Age
14:20 Castle Age
12:42 Double-Bit Axe
14:11 Horse Collar
16:26 Arson
29:14 Wheelbarrow
34:16 Imperial Age
31:50 Gambesons
32:17 Forging
32:07 Scale Mail Armor
32:36 Gold Mining
35:20 Elite Varangian Guard
36:17 Squires
37:21 Conscription
37:10 Town Watch
38:31 Iron Casting
38:57 Gothikon
40:49 Chain Mail Armor
Connection lost

Rejoining the realm…

Still unreachable

The connection could not be restored.

Session expired

The server has moved on; the page needs a fresh start.